 Dungeon Crawl Stone Soup version 0.21-a0-92-g7bf63f6 (webtiles) character file.

113273 Lavandula the Eclecticist (level 15, 0/98 HPs)
             Began as a Mummy Arcane Marksman on June 30, 2017.
             Was the Champion of Kikubaaqudgha.
             Slain by Asterion
             ... wielding a +1 broad axe of flaming
              (23 damage)
             ... on level 4 of the Snake Pit on July 1, 2017.
             The game lasted 03:59:08 (20893 turns).

Lavandula the Eclecticist (Mummy Arcane Marksman)  Turns: 20893, Time: 03:59:08

Health: 0/98       AC: 15    Str: 13      XL:     15   Next: 80%
Magic:  20/34      EV: 22    Int: 21 (22) God:    Kikubaaqudgha [******]
Gold:   400        SH:  6    Dex: 16      Spells: 4/45 levels left

rFire    x . .     SeeInvis .   C - +10 mace of the Spinneret {venom, rC+ Dex+3}
rCold    + + .     Gourm    .   i - +1 buckler
rNeg     + + +     Faith    .   H - +0 troll leather armour
rPois    ∞         Spirit   .   E - +4 helmet of Qaru {Int+3}
rElec    .         Reflect  .   m - +2 cloak {+Inv}
rCorr    .         Harm     .   v - +2 pair of gloves
MR       +....                  (no boots)
Stlth    +.........             f - amulet of magic regeneration
HPRegen  0.66/turn              u - ring of wizardry
MPRegen  0.49/turn              o - +5 ring of evasion

@: about to teleport
A: no food or potions, fire vulnerability, cold resistance 1, negative energy
resistance 3, torment resistance, unbreathing, in touch with death 1
}: 1/15 runes: barnacled
a: Receive Corpses, Torment, Renounce Religion, Evoke Invisibility


You were on level 4 of the Snake Pit.
You worshipped Kikubaaqudgha.
Kikubaaqudgha was exalted by your worship.
You were not hungry.

You visited 7 branches of the dungeon, and saw 29 of its levels.
You also visited: Ice Cave and Volcano.

You collected 2348 gold pieces.
You spent 1948 gold pieces at shops.

Inventory:

Hand Weapons
 a - a +0 hand crossbow of velocity
 C - the +10 mace of the Spinneret (weapon) {venom, rC+ Dex+3}
   (You found it on level 5 of the Dungeon)

   It poisons the flesh of those it strikes.
   It affects your dexterity (+3).
   It protects you from cold.
 S - a +3 blowgun
Missiles
 d - 292 bolts
 e - 72 javelins (quivered)
 s - 3 throwing nets
 T - 14 curare-tipped needles
 W - 18 javelins of penetration
Armour
 i - a +1 buckler (worn)
 m - a +2 cloak of invisibility (worn)
 r - a +1 shield of cold resistance
 v - a +2 pair of gloves (worn)
 B - a +1 leather armour of fire resistance
 E - the +4 helmet of Qaru (worn) {Int+3}
   (You bought it in a shop on level 1 of the Orcish Mines)

   It affects your intelligence (+3).
 F - a +3 scale mail of fire resistance
 H - a +0 troll leather armour (worn)
 I - a +2 robe of fire resistance
 Y - +0 ice dragon scales
Magical Staves
 A - an uncursed staff of death
 J - an uncursed staff of earth
Jewellery
 f - an amulet of magic regeneration (around neck)
 g - a +6 ring of protection
 h - an uncursed ring of resist corrosion
 o - a +5 ring of evasion (right hand)
 u - a ring of wizardry (left hand)
 y - an uncursed ring of protection from magic
 L - an uncursed amulet of guardian spirit
Wands
 j - a wand of paralysis (10/24)
 k - a wand of lightning (2/15)
 G - a wand of iceblast (0/15)
 O - a wand of clouds (3/9)
 P - a wand of disintegration (0/24)
 U - a wand of enslavement (13/24)
Scrolls
 b - 2 scrolls of teleportation
 n - 9 scrolls of fog
 t - 2 scrolls of enchant weapon
 w - 2 scrolls of amnesia
 z - 4 scrolls of magic mapping
 D - 6 scrolls of remove curse
 K - 2 scrolls of torment
 N - a scroll of silence
 X - 2 scrolls of identify
Books
 c - a book of Clouds

   Spells                             Type                      Level
   a - Poisonous Vapours              Poison/Air                   2
   b - Mephitic Cloud                 Conjuration/Poison/Air       3
   c - Conjure Flame                  Conjuration/Fire             3
   d - Freezing Cloud                 Conjuration/Ice/Air          6
   e - Ring of Flames                 Charms/Fire                  7
 l - the Collected Works on Cloudy Protection
   (You found it on level 2 of the Shoals)

   Spells                             Type                      Level
   a - Infusion                       Charms                       1
   b - Ozocubu's Armour               Charms/Ice                   3
   c - Iskenderun's Battlesphere      Conjuration/Charms           5
   d - Silence                        Hexes/Air                    5
   e - Freezing Cloud                 Conjuration/Ice/Air          6
 q - a book of Minor Magic

   Spells                             Type                      Level
   a - Magic Dart                     Conjuration                  1
   b - Blink                          Translocation                2
   c - Call Imp                       Summoning                    2
   d - Slow                           Hexes                        2
   e - Conjure Flame                  Conjuration/Fire             3
   f - Mephitic Cloud                 Conjuration/Poison/Air       3
 x - a Necronomicon

   Spells                             Type                      Level
   a - Haunt                          Necromancy/Summoning         7
   b - Borgnjor's Revivification      Necromancy                   8
   c - Death's Door                   Charms/Necromancy            8
   d - Infestation                    Necromancy                   8
   e - Necromutation                  Transmutation/Necromancy     8
 Q - Kikubaaqudgha's Volume of Necromancy
   (Kikubaaqudgha gifted it to you on level 3 of the Lair of Beasts)

   Spells                             Type                      Level
   a - Animate Skeleton               Necromancy                   1
   b - Pain                           Necromancy                   1
   c - Corpse Rot                     Necromancy                   2
   d - Vampiric Draining              Necromancy                   3
   e - Control Undead                 Necromancy                   4
 R - a book of Unlife

   Spells                             Type                      Level
   a - Recall                         Summoning/Translocation      3
   b - Animate Dead                   Necromancy                   4
   c - Control Undead                 Necromancy                   4
   d - Cigotuvi's Embrace             Necromancy                   5
   e - Death Channel                  Necromancy                   6
   f - Simulacrum                     Ice/Necromancy               6
 Z - Kikubaaqudgha's Catalogue of Evil Rituals
   (Kikubaaqudgha gifted it to you in an ice cave)

   Spells                             Type                      Level
   a - Bolt of Draining               Conjuration/Necromancy       5
   b - Agony                          Necromancy                   5
   c - Cigotuvi's Embrace             Necromancy                   5
   d - Dispel Undead                  Necromancy                   5
   e - Death Channel                  Necromancy                   6
Miscellaneous
 M - a lightning rod (3/4)
 V - a phial of floods (inert)


   Skills:
 - Level 3.5 Fighting
 - Level 7.8 Maces & Flails
 - Level 4.7 Crossbows
 - Level 8.1 Dodging
 - Level 4.0 Shields
 + Level 15.5 Spellcasting
 - Level 2.0 Conjurations
 - Level 3.0 Hexes
 - Level 10.0 Summonings
 - Level 12.1 Necromancy
 - Level 3.9 Translocations
 - Level 2.6 Fire Magic
 - Level 5.0 Ice Magic
 - Level 2.9 Air Magic
 - Level 5.0 Evocations


You had 4 spell levels left.
You knew the following spells:

 Your Spells              Type           Power        Failure   Level  Hunger
a - Vampiric Draining     Necr           #######...   1%          3    N/A
b - Ozocubu's Armour      Chrm/Ice       ####....     1%          3    N/A
c - Cause Fear            Hex            ####......   5%          4    N/A
d - Blink                 Tloc           N/A          1%          2    N/A
e - Conjure Flame         Conj/Fire      ####....     2%          3    N/A
f - Mephitic Cloud        Conj/Pois/Air  ###.....     2%          3    N/A
g - Apportation           Tloc           ####..       1%          1    N/A
h - Summon Ice Beast      Ice/Summ       #####...     1%          4    N/A
i - Summon Lightning Spi  Summ/Air       #####...     1%          4    N/A
j - Animate Skeleton      Necr           N/A          1%          1    N/A
k - Simulacrum            Ice/Necr       ######....   9%          6    N/A
l - Haunt                 Necr/Summ      #######...   16%         7    N/A

Dungeon Overview and Level Annotations

Branches:
Dungeon (11/15)            Temple (1/1) D:4            Lair (6/6) D:9
 Shoals (4/4) Lair:2        Snake (4/4) Lair:4        Slime (0/5) Lair:6
    Orc (2/2) D:11            Elf (1/3) Orc:2

Altars:
Ashenzari
Cheibriados
Dithmenos
Elyvilon
Fedhas
Gozag
Hepliaklqana
Kikubaaqudgha
Makhleb
Nemelex Xobeh
Okawaru
Qazlal
Ru
Sif Muna
Trog
Uskayaw
Vehumet
Wu Jian
Xom
Yredelemnul
Zin
The Shining One
Beogh

Shops:
D:5 (   D:10 =   Orc:1 ?[[   Orc:2 ?}*=

Annotations:
Lair:4 Nessos
Shoals:1 exclusion: downstairs
Snake:1 exclusion: downstairs
Snake:4 Asterion


Innate Abilities, Weirdness & Mutations

You do not eat or drink.
Your flesh is vulnerable to fire.
You are immune to poison.
Your flesh is cold resistant. (rC+)
You are immune to negative energy. (rN+++)
You are immune to unholy pain and torment.
You can survive without breathing.
You are in touch with the powers of death.


Message History

The cacodemon gestures next to you.
Some rock shatters into small pieces.
Asterion blocks your naga simulacrum's attack.
Your naga simulacrum constricts Asterion but does no damage.
Asterion hits you with a broad axe of flaming!
Asterion burns you!
* * * LOW HITPOINT WARNING * * *
Asterion hits your naga simulacrum with a broad axe of flaming.
Asterion melts your naga simulacrum. Asterion gores you but does no damage.
Unknown command.
The salamander mystic hits you but does no damage.
Asterion blocks your naga simulacrum's attack. x2
Unknown command.
Your hearing returns.
Asterion is no longer moving quickly.
As you read the scroll of teleportation, it crumbles to dust.
You feel strangely unstable.
Asterion hits you with a broad axe of flaming!!
You die...
Kikubaaqudgha rasps: "You have failed me!
Welcome... oblivion!"

*##.# ### ##...###.##
##.##......# ##..#..#....#*
##..#..##....)##
###)....##.#...#.##
##....2H<..........##
###....ZN#@....##..)..##
###......÷.#.#....###÷...##
##.....).÷.†<#....####))...##
**...............##.#.....#..##
**,.##.....###..............#..#
##...#.#..####...#####..........#
#...##..##.....[.##.##..%........
#...#..#..........(.#...#.....).#
...##.#.2.##..(#..N.#....#.....%)


You could see Asterion and a cacodemon.

Vanquished Creatures
  An orc warlord (Orc:2)
  2 merfolk javelineers
  A hydra (Lair:1)
  A naga warrior (Snake:3)
  2 merfolk avatars
  A centaur warrior (D:9)
  A merfolk aquamancer (Shoals:3)
  3 orc high priests (Orc:2)
  A shock serpent (Snake:4)
  Sonja (Orc:2)
  An unseen horror (D:9)
  4 sea snakes
  A wizard (Lair:2)
  2 harpies
  2 orc knights (Orc:2)
  3 mana vipers
  7 orc sorcerers
  The ghost of Ordine the Slasher, a novice OpFi (D:6)
  A manticore (Shoals:1)
  A toenail golem (Volcano)
  2 fauns (Shoals:1)
  7 black mambas
  An elephant (Lair:6)
  2 water nymphs (Shoals:4)
  Joseph (D:7)
  An ice statue (IceCv)
  7 spiny frogs
  3 komodo dragons
  3 rime drakes (Lair:6)
  3 merfolk (Shoals:3)
  5 trolls
  11 polar bears
  A snapping turtle (Shoals:3)
  5 hippogriffs
  A blink frog (Lair:4)
  A hornet (Lair:6)
  3 dream sheep
  A spriggan (D:7)
  24 yaks
  A hungry ghost (D:9)
  A basilisk (Lair:3)
  3 wargs
  11 nagas
  2 water moccasins
  5 porcupines
  2 sky beasts
  2 black bears
  3 necrophages
  28 orc warriors
  2 ice beasts
  16 wolves
  11 ogres
  8 centaurs
  8 crocodiles
  3 big kobolds (D:11)
  8 bullfrogs
  A gnoll sergeant (D:11)
  2 wyvern skeletons
  3 scorpions
  5 killer bees
  A howler monkey (D:7)
  3 crimson imps
  A centaur zombie (D:8)
  7 hounds
  Crazy Yiuf (D:7)
  24 orc priests
  2 bullfrog skeletons
  2 gnoll shamans
  2 jellies
  20 orc wizards
  Jessica (D:2)
  2 iguanas
  4 worker ants
  A hound zombie (D:8)
  16 adders
  15 gnolls
  A howler monkey skeleton (D:4)
  An ooze (D:3)
  4 worms
  An adder skeleton (D:5)
  4 adder zombies
  2 dart slugs
  3 leopard geckos
  74 orcs
  4 bats
  3 giant cockroaches
  9 goblins
  10 hobgoblins
  12 jackals
  11 kobolds
  2 quokkas
  7 frilled lizards
  A quokka skeleton (D:9)
  A quokka zombie (D:5)
  6 rats
  A fungus (D:7)
503 creatures vanquished.

Vanquished Creatures (collateral kills)
  Saint Roka (Snake:4)
  Vashnia (Snake:2)
  Polyphemus (Shoals:2)
  Ilsuiw (Shoals:4)
  A nagaraja (Snake:4)
  A frost giant (IceCv)
  Aizul (Shoals:3)
  A stone giant (Orc:2)
  5 merfolk javelineers
  6 merfolk impalers
  2 hydras
  4 anacondas
  2 merfolk avatars
  An ice dragon (Lair:6)
  7 naga warriors
  A catoblepas (Shoals:2)
  3 two-headed ogres (Orc:2)
  2 satyrs
  5 merfolk aquamancers
  4 death yaks (Shoals:2)
  An orc high priest (Orc:2)
  2 shock serpents
  6 naga sharpshooters
  11 sea snakes
  3 naga ritualists
  5 harpies
  An orc knight (Orc:2)
  4 mana vipers
  3 orc sorcerers (Orc:2)
  12 manticores
  9 fauns
  6 salamanders
  A cyclops (Shoals:4)
  22 black mambas
  7 merfolk sirens
  7 naga magi
  2 elephants (Lair:6)
  3 water nymphs
  4 komodo dragons
  6 spiny frogs
  4 rime drakes
  4 hippogriffs
  10 polar bears
  2 trolls
  25 merfolk
  A hornet (D:10)
  2 blink frogs (Lair:4)
  7 snapping turtles
  3 wind drakes
  6 dream sheep
  5 water elementals
  A wyvern (Lair:1)
  14 yaks
  A warg (Snake:4)
  13 nagas
  2 water moccasins
  15 orc warriors
  An ice beast (D:10)
  8 ogres
  3 wolves (IceCv)
  2 centaurs (Shoals:1)
  4 crocodiles
  A bullfrog (Lair:3)
  A wyvern skeleton (D:10)
  An electric eel (Snake:2)
  A crimson imp (D:10)
  8 orc priests
  2 orc wizards
  A gnoll (D:11)
  An adder (D:10)
  22 orcs
  A kobold (D:11)
  15 plants
352 creatures vanquished.

Vanquished Creatures (others)
  A merfolk impaler (Shoals:4)
  A shock serpent (Snake:2)
  A sea snake (Shoals:1)
  A hornet (Lair:6)
  A faun (Shoals:1)
  2 yaks (Lair:6)
  6 bushes (Lair:1)
  3 fungi
  26 plants
  3 tentacles (Shoals:2)
45 creatures vanquished.

Grand Total: 900 creatures vanquished

Notes
Turn   | Place    | Note
-------+----------+-------------------------------------------
     0 | D:1      | Lavandula the Mummy Arcane Marksman began the quest for the Orb.
     0 | D:1      | Reached XP level 1. HP: 15/15 MP: 2/2
    54 | D:1      | Reached XP level 2. HP: 4/21 MP: 4/4
   377 | D:2      | Reached XP level 3. HP: 20/26 MP: 3/5
   398 | D:2      | Found a white marble altar of Elyvilon.
   432 | D:2      | Found a burning altar of Makhleb.
   460 | D:2      | Learned a level 2 spell: Slow
   577 | D:2      | Found an ornate altar of the Wu Jian Council.
   748 | D:3      | Reached XP level 4. HP: 32/32 MP: 6/6
   980 | D:3      | Found a hide-covered altar of Uskayaw.
   996 | D:4      | Found a blossoming altar of Fedhas.
  1064 | D:3      | Found a blossoming altar of Fedhas.
  1198 | D:4      | Found a burning altar of Makhleb.
  1220 | D:4      | Reached XP level 5. HP: 37/37 MP: 4/7
  1270 | D:5      | Entered Level 5 of the Dungeon
  1348 | D:5      | Got a translucent mace
  1591 | D:4      | Found a staircase to the Ecumenical Temple.
  1599 | Temple   | Entered the Ecumenical Temple
  1929 | D:4      | Found a deep blue altar of Sif Muna.
  1979 | D:4      | Identified the +10 mace of the Spinneret {venom, rC+ Dex+3} (You found it on level 5 of the Dungeon)
  2127 | D:5      | Found a bloodstained altar of Trog.
  2175 | D:5      | Reached skill level 1 in Maces & Flails
  2210 | D:5      | Reached XP level 6. HP: 38/43 MP: 8/8
  2233 | D:5      | Found Izusoor's Weapon Emporium.
  2514 | D:5      | Learned a level 4 spell: Cause Fear
  2599 | D:5      | Reached XP level 7. HP: 40/48 MP: 9/9
  2921 | D:6      | Found a shattered altar of Ashenzari.
  3077 | D:7      | Noticed Joseph
  3117 | D:7      | Reached skill level 2 in Spellcasting
  3147 | D:7      | Reached skill level 3 in Spellcasting
  3170 | D:7      | Found a bloodstained altar of Trog.
  3272 | D:7      | Reached skill level 4 in Spellcasting
  3272 | D:7      | Reached XP level 8. HP: 52/54 MP: 12/14
  3351 | D:6      | Learned a level 2 spell: Blink
  3355 | D:6      | Learned a level 3 spell: Conjure Flame
  3359 | D:6      | Learned a level 3 spell: Mephitic Cloud
  3622 | D:6      | Reached skill level 1 in Translocations
  3717 | D:6      | Noticed Ordine's ghost (novice OpFi)
  3730 | D:6      | Killed Ordine's ghost
  3950 | D:2      | Found a snail-covered altar of Cheibriados.
  4020 | D:2      | Noticed Jessica
  4029 | D:2      | Killed Jessica
  4029 | D:2      | Reached skill level 1 in Conjurations
  4265 | D:7      | Reached XP level 9. HP: 59/59 MP: 15/15
  4272 | D:7      | Reached skill level 1 in Fire Magic
  4320 | D:7      | Found a runed door.
  4324 | D:7      | Noticed Crazy Yiuf
  4343 | D:7      | Killed Crazy Yiuf
  4496 | D:7      | Killed Joseph
  4496 | D:7      | Reached skill level 6 in Spellcasting
  4514 | D:7      | Learned a level 3 spell: Ozocubu's Armour
  4825 | D:8      | You fall through a shaft!
  4973 | D:9      | Reached skill level 5 in Maces & Flails
  5090 | D:9      | Killed an unseen horror
  5090 | D:9      | Reached XP level 10. HP: 51/70 MP: 13/19
  5175 | D:9      | Noticed a centaur warrior
  5190 | D:9      | Killed a centaur warrior
  5296 | D:9      | Found a hazy altar of Hepliaklqana.
  5345 | D:9      | Found an ancient bone altar of Kikubaaqudgha.
  5350 | D:9      | Became a worshipper of Kikubaaqudgha
  5364 | D:9      | Found a staircase to the Lair.
  5388 | Lair:1   | Entered Level 1 of the Lair of Beasts
  5444 | Lair:1   | Reached skill level 7 in Spellcasting
  5451 | Lair:1   | Learned a level 4 spell: Summon Ice Beast
  5477 | Lair:1   | Noticed a spiny frog
  5487 | Lair:1   | Killed a spiny frog
  5487 | Lair:1   | Reached skill level 1 in Summonings
  5526 | Lair:1   | Noticed a black mamba
  5540 | Lair:1   | Killed a black mamba
  5983 | Lair:1   | Noticed an eight-headed hydra
  6610 | Lair:2   | Found a dark tunnel.
  6629 | Volcano  | Entered a volcano
  6633 | Volcano  | Noticed a toenail golem
  6633 | Volcano  | Noticed a wizard
  6634 | Volcano  | Noticed a toenail golem
  6645 | Volcano  | Noticed a wizard
  6655 | Volcano  | Noticed a mace of flaming
  6655 | Volcano  | Noticed a toenail golem
  6655 | Volcano  | Noticed a toenail golem
  6796 | Volcano  | Killed a toenail golem
  6826 | Lair:2   | Killed a wizard
  6885 | Lair:2   | Found a staircase to the Shoals.
  6902 | Lair:1   | Noticed a black mamba
  6912 | Lair:1   | Killed a black mamba
  6912 | Lair:1   | Reached XP level 11. HP: 35/75 MP: 2/21
  7081 | Lair:1   | Killed an eight-headed hydra
  7304 | Lair:2   | Reached skill level 5 in Summonings
  7529 | Lair:3   | Reached * piety under Kikubaaqudgha
  7529 | Lair:3   | Identified Kikubaaqudgha's Volume of Necromancy (Kikubaaqudgha gifted it to you on level 3 of the Lair of Beasts)
  7529 | Lair:3   | Received a gift from Kikubaaqudgha
  7546 | Lair:3   | Learned a level 3 spell: Vampiric Draining
  7668 | Lair:3   | Reached skill level 1 in Necromancy
  7704 | Lair:3   | Noticed a seven-headed hydra
  7712 | Lair:3   | Killed a seven-headed hydra
  7839 | Lair:4   | Found a staircase to the Snake Pit.
  7913 | Lair:4   | Noticed Nessos
  8008 | Lair:4   | Learned a level 1 spell: Apportation
  8224 | Lair:5   | Reached skill level 8 in Spellcasting
  8258 | Lair:5   | Noticed a four-headed hydra
  8270 | Lair:5   | Killed a four-headed hydra
  8316 | Lair:6   | Entered Level 6 of the Lair of Beasts
  8323 | Lair:6   | Reached skill level 9 in Spellcasting
  8333 | Lair:6   | Learned a level 4 spell: Summon Lightning Spire
  8363 | Lair:6   | Reached skill level 1 in Air Magic
  8570 | Lair:6   | Found a frozen archway.
  8585 | Lair:6   | Noticed an ice dragon
  8613 | Lair:6   | Reached ** piety under Kikubaaqudgha
  8615 | Lair:6   | Reached skill level 1 in Evocations
  8675 | Lair:6   | Learned a level 1 spell: Animate Skeleton
  8691 | Lair:6   | Reached XP level 12. HP: 39/81 MP: 9/25
  8813 | Lair:6   | Killed an ice dragon
  8831 | Lair:6   | Reached skill level 10 in Spellcasting
  8865 | IceCv    | Entered an ice cave
  8952 | IceCv    | Reached skill level 11 in Spellcasting
  9578 | IceCv    | Noticed a frost giant
  9585 | IceCv    | Reached *** piety under Kikubaaqudgha
  9585 | IceCv    | Identified Kikubaaqudgha's Catalogue of Evil Rituals (Kikubaaqudgha gifted it to you in an ice cave)
  9585 | IceCv    | Received a gift from Kikubaaqudgha
  9606 | IceCv    | Killed a frost giant
  9606 | IceCv    | Reached skill level 5 in Ice Magic
  9617 | IceCv    | Learned a level 6 spell: Simulacrum
  9902 | Lair:6   | Reached skill level 5 in Necromancy
 10144 | Lair:6   | Noticed a merfolk avatar
 10175 | Lair:6   | Killed a merfolk avatar
 10294 | Lair:6   | Identified a scroll of acquirement
 10494 | Lair:5   | Identified the +2 robe of the Mantidfly {rPois Stlth+} (You found it on level 5 of the Lair of Beasts)
 10559 | Lair:3   | Gained mutation: You are in touch with the powers of death. [Mummy growth]
 10559 | Lair:3   | Reached XP level 13. HP: 67/87 MP: 14/28
 10665 | D:10     | Entered Level 10 of the Dungeon
 10665 | D:10     | Found Xakeokao's Jewellery Emporium.
 10678 | D:10     | Bought an uncursed amulet of magic regeneration for 480 gold pieces
 10789 | D:10     | Reached **** piety under Kikubaaqudgha
 11078 | D:11     | Found a staircase to the Orcish Mines.
 11194 | D:11     | Reached ***** piety under Kikubaaqudgha
 11414 | Orc:1    | Entered Level 1 of the Orcish Mines
 11681 | Orc:2    | Entered Level 2 of the Orcish Mines
 11689 | Orc:2    | Noticed Sonja
 11730 | Orc:2    | Killed Sonja
 11921 | Orc:2    | Reached skill level 10 in Necromancy
 12424 | Orc:2    | Found a staircase to the Elven Halls.
 12430 | Orc:2    | Reached skill level 12 in Spellcasting
 12445 | Elf:1    | Entered Level 1 of the Elven Halls
 12514 | Orc:2    | Reached ****** piety under Kikubaaqudgha
 12551 | Orc:2    | Noticed an orc warlord
 12578 | Orc:2    | Found Tarix's Gadget Shoppe.
 13152 | Orc:2    | Reached skill level 13 in Spellcasting
 13241 | Orc:2    | Found a roughly hewn altar of Beogh.
 13332 | Orc:2    | Found Ascho's Magic Scroll Boutique.
 13384 | Orc:2    | Noticed a stone giant
 13942 | Orc:2    | Received a gift from Kikubaaqudgha
 14011 | Orc:2    | Killed a stone giant
 14112 | Orc:2    | Found a roughly hewn altar of Beogh.
 14138 | Orc:2    | Reached skill level 14 in Spellcasting
 14243 | Orc:2    | Found Vumeatt's Jewellery Boutique.
 14246 | Orc:2    | Found Suqoid's General Store.
 14353 | Orc:2    | Bought a lightning rod (4/4) for 600 gold pieces
 14380 | Orc:2    | Bought a scroll of blinking for 120 gold pieces
 14380 | Orc:2    | Bought a scroll of teleportation for 48 gold pieces
 14380 | Orc:2    | Bought a scroll of teleportation for 48 gold pieces
 14380 | Orc:2    | Bought a scroll of teleportation for 48 gold pieces
 14481 | Orc:1    | Found Irumpeov's Armour Shop.
 14518 | Orc:1    | Found Rakuxod's Magic Scroll Shoppe.
 14615 | Orc:1    | Found Biarea Enunn's Armour Boutique.
 14871 | Orc:2    | Killed an orc warlord
 14940 | Orc:1    | Bought the +4 helmet of Qaru {Int+3} for 604 gold pieces
 14960 | Orc:1    | Learned a level 7 spell: Haunt
 15234 | Shoals:1 | Entered Level 1 of the Shoals
 15272 | Lair:2   | Reached XP level 14. HP: 84/93 MP: 14/32
 16085 | Shoals:2 | Noticed a kraken
 16085 | Shoals:2 | Noticed a kraken
 16085 | Shoals:2 | Noticed a kraken
 16085 | Shoals:2 | Noticed a kraken
 16259 | Shoals:2 | Identified the Collected Works on Cloudy Protection
 16301 | Shoals:2 | Noticed Polyphemus
 16328 | Shoals:2 | Killed Polyphemus
 16720 | Shoals:3 | Noticed Aizul
 16746 | Shoals:3 | Killed Aizul
 16810 | Shoals:4 | Entered Level 4 of the Shoals
 17290 | Shoals:4 | Noticed Ilsuiw
 17775 | Shoals:4 | Killed Ilsuiw
 17841 | Shoals:4 | Got a barnacled rune of Zot
 17932 | Shoals:4 | Reached skill level 10 in Summonings
 18291 | Shoals:4 | Reached XP level 15. HP: 66/98 MP: 3/33
 18839 | Snake:1  | Entered Level 1 of the Snake Pit
 18900 | Snake:1  | Reached skill level 5 in Evocations
 18979 | Snake:1  | Identified the cursed +0 robe "Useinaix" {*Contam Int+3 Dex+3} (You found it on level 1 of the Snake Pit)
 19187 | Snake:2  | Reached skill level 5 in Dodging
 19248 | Snake:2  | Noticed Vashnia
 19289 | Snake:1  | Upgraded the game from 0.21-a0-91-ga5031da to 0.21-a0-92-g7bf63f6
 19736 | Snake:2  | Killed Vashnia
 20103 | Snake:4  | Entered Level 4 of the Snake Pit
 20172 | Snake:4  | Noticed a nagaraja
 20183 | Snake:4  | Killed a nagaraja
 20440 | Snake:4  | Reached skill level 15 in Spellcasting
 20504 | Snake:4  | Noticed Saint Roka
 20519 | Snake:4  | Killed Saint Roka
 20604 | Snake:4  | Noticed Asterion
 20893 | Snake:4  | Slain by Asterion

Vault maps used:
D:1:      eino_arrival_water_star
D:2:      kennysheep_slug_shrine, lemuel_crystal_altar, old_standard_altar,
          bloody_makhleb, uniq_jessica
D:3:      eat_drink_and_be_merry_uskayaw, old_standard_altar,
          kennysheep_generic_room_11
D:4:      old_standard_altar, lemuel_coloured_pillars_altar,
          minmay_temple_entry_statues_pillars, minivault_4, fedhas_altar_2
D:5:      kennysheep_big_flooded_room, first_bread, serial_shops, shop,
          trog_book
D:6:      marbit_many_paths, minmay_misc_feat_encased
D:7:      nicolae_overflow_crystal_walls, the_bakery, uniq_crazy_yiuf_cottage,
          uniq_joseph
D:9:      kennysheep_little_box, lemuel_round_altar, dpeg_oklobed_lair,
          wad_mini_maze
D:10:     minmay_klotski, serial_shops, shop
D:11:     kennysheep_orc_monster_closet_entryway, nicolae_tso_carved_into_rock
Temple:   chequers_temple_sunken
Lair:1:   serial_bayou_pond_a, grunt_forest_large_clearing_hut,
          lemuel_fruit_fields
Lair:2:   elwin_shoals_entry_rocks, special_room, enter_volcano_1
Lair:3:   patterned_corridor
Lair:4:   dummy_snake_entry, uniq_nessos
Lair:5:   infiniplex_staircase_pool_2, grunt_megastairs_1
Lair:6:   gammafunk_lair_ancient_temple, slime_altar_1,
          portal_ice_cave_entry_animals_and_master
Shoals:1: cheibrodos_shoals_satyrical_garden
Shoals:2: nicolae_shoals_kraken_party, uniq_polyphemus
Shoals:3: uniq_aizul
Shoals:4: shoals_end_simple, shoals_ilsuiw_ice
Snake:1:  spider_trap, st_stairs_14
Snake:2:  serial_bayou_ford_a, lemuel_fruit_tree, uniq_vashnia
Snake:4:  johnstein_snake_rune_scales, spider_trap, nicolae_snake_double_loop,
          nicolae_coiled_stairwell_up, uniq_saint_roka, uniq_asterion
Orc:1:    serial_shops, shop, nicolae_shop_window_shopping,
          nicolae_shop_waterfront
Orc:2:    pubby_orc_utopia, serial_shops, uniq_sonja
Elf:1:    elf_arrival_002, serial_shops, nicolae_shop_trees, minivault_28,
          grunt_megastairs_2
IceCv:    ice_cave_small_giant
Volcano:  volcano_bunker

Skill      XL: |  1  2  3  4  5  6  7  8  9 10 11 12 13 14 15 |
---------------+----------------------------------------------+-----
Hexes          | 3 |  3.0
Crossbows      | 2 3 4 |  4.7
Maces & Flails | 1 3 4 6 7 |  7.8
Shields        | 2 4 |  4.0
Spellcasting   | 4 6 7 9 11 14 15 | 15.5
Translocations | 3 |  3.9
Conjurations   | 2 |  2.0
Fire Magic     | 2 |  2.6
Fighting       | 3 |  3.5
Summonings     | 3 6 10 | 10.0
Ice Magic      | 3 5 |  5.0
Dodging        | 3 4 8 |  8.1
Necromancy     | 4 8 10 12 | 12.1
Air Magic      | 2 |  2.9
Evocations     | 2 3 5 |  5.0

Action                   |  1- 3 |  4- 6 |  7- 9 | 10-12 | 13-15 || total
-------------------------+-------+-------+-------+-------+-------++-------
Melee: Spear             |    15 |       |       |       |       ||    15
       Dagger            |     5 |       |       |       |       ||     5
       Short sword       |     4 |    27 |       |       |       ||    31
       Mace              |       |    47 |   221 |   435 |   581 ||  1284
       Staff             |       |       |       |       |     1 ||     1
 Fire: Hand crossbow     |    60 |    79 |    26 |    19 |    34 ||   218
       Blowgun           |       |       |       |       |     5 ||     5
Throw: Tomahawk          |       |       |     3 |     3 |       ||     6
       Javelin           |       |       |       |       |     3 ||     3
 Cast: Corona            |    15 |    13 |     3 |     2 |       ||    33
       Slow              |       |     1 |    16 |     6 |       ||    23
       Conjure Flame     |       |       |     2 |       |     4 ||     6
       Mephitic Cloud    |       |       |    14 |    23 |   146 ||   183
       Summon Ice Beast  |       |       |       |    94 |    75 ||   169
       Ozocubu's Armour  |       |       |       |    36 |    53 ||    89
       Blink             |       |       |       |     4 |    18 ||    22
       Apportation       |       |       |       |    30 |   108 ||   138
       Vampiric Draining |       |       |       |     3 |    98 ||   101
       Animate Skeleton  |       |       |       |    45 |    95 ||   140
       Summon Lightning  |       |       |       |     1 |    35 ||    36
       Simulacrum        |       |       |       |     3 |   112 ||   115
       Haunt             |       |       |       |       |    92 ||    92
       Cause Fear        |       |       |       |       |     5 ||     5
Invok: Receive Corpses   |       |       |       |     2 |    23 ||    25
       Torment           |       |       |       |       |     3 ||     3
       Receive Necronomi |       |       |       |       |     1 ||     1
 Abil: Stop Flying       |       |       |       |     1 |     1 ||     2
       Evoke Flight      |       |       |       |     1 |     1 ||     2
       Evoke Invisibilit |       |       |       |       |     1 ||     1
Evoke: Wand              |       |       |       |    22 |    32 ||    54
       Lightning rod     |       |       |       |       |     5 ||     5
       Phial of floods   |       |       |       |       |     1 ||     1
  Use: Scroll            |     2 |     9 |     5 |    20 |    31 ||    67
 Stab: Confused          |       |       |     3 |    19 |    31 ||    53
       Distracted        |       |       |       |     5 |     2 ||     7
       Sleeping          |       |       |       |       |     1 ||     1
Armor: Robe              |     2 |       |       |   111 |    63 ||   176
       Leather armour    |     9 |    42 |    47 |    24 |    45 ||   167
       Ring mail         |       |       |     6 |     3 |       ||     9
       Scale mail        |       |       |       |    24 |       ||    24
       Troll leather arm |       |       |       |       |    67 ||    67
Dodge: Dodged            |    44 |    60 |   125 |   284 |   600 ||  1113
Block: Buckler           |       |    18 |    50 |   124 |   235 ||   427
